 Dungeon Crawl Stone Soup version 0.19.5 (webtiles) character file.

101 McKennaii the Firebug (level 4, -1/24 HPs)
             Began as a Deep Elf Fire Elementalist on May 16, 2017.
             Slain by an orc
             ... wielding a +0 flail
              (3 damage)
             ... on level 2 of the Dungeon.
             The game lasted 00:05:24 (1923 turns).

McKennaii the Firebug (Deep Elf Fire Elementalist)  Turns: 1923, Time: 00:05:25

Health: -1/24      AC:  2    Str:  5    XL:     4   Next: 48%
Magic:  7/12       EV: 13    Int: 21    God:
Gold:   48         SH:  0    Dex: 15    Spells: 3 memorised, 5 levels left

rFire  . . .     SeeInvis .     (no weapon)
rCold  . . .     Gourm    .     a - +0 robe
rNeg   + . .     Faith    .     (no shield)
rPois  .         Spirit   .     (no helmet)
rElec  .         Reflect  .     (no cloak)
rCorr  .         Harm     .     (no gloves)
MR     .....                    (no boots)
Stlth  ++........               (no amulet)
                                (no ring)
                                p - ring of positive energy

@: very slightly contaminated
A: no striking features
a: no special abilities


You were on level 2 of the Dungeon.
You were not hungry.

You visited 1 branch of the dungeon, and saw 3 of its levels.

You collected 48 gold pieces.

Inventory:

Armour
 a - a +0 robe (worn)
Jewellery
 p - a ring of positive energy (left hand)
Scrolls
 f - 2 scrolls of teleportation {unknown}
 j - a scroll of enchant weapon {unknown}
 k - a scroll of noise {unknown}
 l - a scroll of remove curse {unknown}
 n - a scroll of random uselessness {unknown}
 o - 3 scrolls of identify {unknown}
 t - a scroll of fog {unknown}
 v - 3 scrolls of immolation {unknown}
 w - a scroll of amnesia {unknown}
Potions
 d - 2 potions of cancellation {unknown}
 e - a potion of agility {unknown}
 i - 2 potions of invisibility {unknown}
 m - a potion of heal wounds {unknown}
 q - a potion of mutation {unknown}
 r - a potion of might {unknown}
 s - 2 potions of haste {unknown}
 u - a potion of lignification {unknown}
 z - a potion of degeneration {unknown}
Books
 b - a book of Flames

   Spells                             Type                      Level
   a - Flame Tongue                   Conjuration/Fire             1
   b - Throw Flame                    Conjuration/Fire             2
   c - Conjure Flame                  Conjuration/Fire             3
   d - Inner Flame                    Hexes/Fire                   3
   e - Sticky Flame                   Conjuration/Fire             4
   f - Fireball                       Conjuration/Fire             5
Comestibles
 c - 3 bread rations
 g - a beef jerky
 h - a meat ration
 x - 3 fruits


   Skills:
 + Level 2.5 Dodging
 + Level 2.6 Stealth
 + Level 4.2 Spellcasting
 + Level 2.1 Conjurations
 + Level 4.6 Fire Magic


You had 5 spell levels left.
You knew the following spells:

 Your Spells              Type           Power        Failure   Level  Hunger
a - Flame Tongue          Conj/Fire      ###..        2%          1    None
b - Throw Flame           Conj/Fire      ###...       4%          2    #......
c - Conjure Flame         Conj/Fire      ###.....     10%         3    ###....


Dungeon Overview and Level Annotations

Branches:
Dungeon (3/15)

Altars:
Trog


Message History

The kobold closely misses you. The orc hits you with a mace.
The orc hits you with a flail.
* * * LOW HITPOINT WARNING * * *
The orc hits you with a flail.
* * * LOW HITPOINT WARNING * * *
There is a stone staircase leading up here.
The kobold barely misses you.
You climb upwards.
There is a stone staircase leading down here.
Casting: Flame Tongue
Confirm with . or Enter, or press ? or * to list all spells.
Aiming: Flame Tongue
Press: ? - help, Shift-Dir - straight line, f - orc
Aim: an orc, wielding a flail You miscast Flame Tongue.
You are very lightly contaminated with residual magic.
Nothing appears to happen.
The kobold hits you with a whip.
* * * LOW HITPOINT WARNING * * *
The orc hits you with a flail.
You die...

#### ### ...# #.# ##.# #.# #.#
#.# #.# #.# #.# #.#
##.########.######
..............oo@#
#..########.####K###########
...########.# #.##........#
#...........# #.##.#.####.#
######......# #.##.#.# #.#
.#...##.....# #.##.#.# #.#
#..#..##....####.##.#.# #.#
.#.)#._#..............# #.#
..#..######.##.#..#.#.####.###


You could see 2 orcs and a kobold.

Vanquished Creatures
  A gnoll (D:1)
  2 adders (D:2)
  2 worms (D:2)
  3 dart slugs
  2 leopard geckos
  7 orcs (D:3)
  6 hobgoblins
  A quokka (D:2)
  3 ball pythons
  3 bats (D:2)
  4 frilled lizards (D:1)
  10 goblins
  7 kobolds
  6 rats
57 creatures vanquished.

Notes
Turn   | Place    | Note
-------+----------+-------------------------------------------
     0 | D:1      | McKennaii the Deep Elf Fire Elementalist began the quest for the Orb.
     0 | D:1      | Reached XP level 1. HP: 10/10 MP: 6/6
   189 | D:1      | Reached XP level 2. HP: 13/15 MP: 4/8
   436 | D:1      | Reached XP level 3. HP: 18/19 MP: 7/9
   457 | D:1      | Learned a level 2 spell: Throw Flame
   461 | D:1      | Learned a level 3 spell: Conjure Flame
  1148 | D:2      | Found a bloodstained altar of Trog.
  1424 | D:2      | Reached XP level 4. HP: 24/24 MP: 8/12
  1923 | D:2      | Slain by an orc

Skill      XL: |  1  2  3  4 |
---------------+-------------+-----
Fire Magic     | 4 |  4.6
Spellcasting   | 4 |  4.2
Conjurations   | 2 |  2.1
Dodging        | |  2.5
Stealth        | |  2.6

Action                   |  1- 3 |  4- 6 || total
-------------------------+-------+-------++-------
Melee: Unarmed           |     2 |       ||     2
 Cast: Flame Tongue      |    68 |    28 ||    96
       Throw Flame       |     2 |       ||     2
  Eat: Chunk             |       |     2 ||     2
       Fruit             |       |     1 ||     1
Armor: Robe              |     3 |       ||     3
Dodge: Dodged            |    12 |    16 ||    28
